 Dungeon Crawl Stone Soup version 0.23.2-1-ga50397a (webtiles) character file.

Game seed: 7465710030115059528

167 Fang the Skirmisher (level 5, -1/34 HPs)
             Began as a Gargoyle Berserker on May 30, 2019.
             Was a Believer of Trog.
             Slain by an orc (4 damage)
             ... on level 3 of the Dungeon.
             The game lasted 00:02:11 (2726 turns).

Fang the Skirmisher (Gargoyle Berserker)            Turns: 2726, Time: 00:02:12

Health: -1/34      AC:  6    Str: 21    XL:     5   Next: 48%
Magic:  5/5        EV:  9    Int:  8    God:    Trog [**....]
Gold:   209        SH:  0    Dex:  9    Spells: 4/4 levels left

rFire    . . .     SeeInvis .   a - +0 hand axe
rCold    . . .     Gourm    +   (no shield)
rNeg     + . .     Faith    .   b - +0 animal skin
rPois    ∞         Spirit   .   (no helmet)
rElec    +         Reflect  .   (no cloak)
rCorr    +         Harm     .   (no gloves)
MR       .....                  (no boots)
Stlth    +.........             g - amulet of the gourmand
HPRegen  0.11/turn              i - -3 ring of evasion (curse)
MPRegen  0.09/turn              s - ring of resist corrosion

@: no status effects
A: negative energy resistance 1, electricity resistance, unbreathing,
petrification resistance, rot immunity, AC +4
a: Berserk, Trog's Hand, Renounce Religion


You were on level 3 of the Dungeon.
You worshipped Trog.
Trog was pleased with you.
You were completely stuffed.

You visited 1 branch of the dungeon, and saw 3 of its levels.

You collected 209 gold pieces.

Inventory:

Hand Weapons
 a - a +0 hand axe (weapon)
Armour
 b - a +0 animal skin (worn)
Jewellery
 g - an amulet of the gourmand (around neck)
 h - an uncursed amulet of guardian spirit
 i - a cursed -3 ring of evasion (left hand)
 s - a ring of resist corrosion (right hand)
Scrolls
 e - 2 scrolls of fear {unknown}
 j - a scroll of magic mapping {unknown}
 k - 3 scrolls of identify {unknown}
 l - a scroll of remove curse {unknown}
 n - a scroll of teleportation {unknown}
 o - a scroll of noise {unknown}
 r - a scroll of amnesia {unknown}
Potions
 d - a potion of lignification {unknown}
 f - 2 potions of degeneration {unknown}
 m - 2 potions of might {unknown}
 p - a potion of curing {unknown}
 t - a potion of agility {unknown}
Comestibles
 c - 6 rations
 q - 5 chunks of flesh


   Skills:
 + Level 4.3 Fighting
 + Level 3.5 Axes
 + Level 3.5 Armour
 + Level 2.6 Dodging


You had 4 spell levels left.
You didn't know any spells.
Your spell library was empty.

Dungeon Overview and Level Annotations

Branches:
Dungeon (3/15)

Altars:


Innate Abilities, Weirdness & Mutations

You are resistant to torment.
Your stone body is resilient. (AC +4)
You are immune to poison.
You resist negative energy. (rN+)
You are resistant to electric shocks. (rElec)
You can survive without breathing.
You are immune to petrification.
You are immune to rotting.


Message History

The orc is severely wounded.
The orc hits you with a +0 mace.
* * * LOW HITPOINT WARNING * * *
You hit the orc but do no damage.
The orc is severely wounded.
The orc barely misses you.
You hit the orc.
The orc is severely wounded.
The orc hits you with a +0 mace.
* * * LOW HITPOINT WARNING * * *
You barely miss the orc.
The orc is severely wounded.
The orc barely misses you.
You slash the orc!
You kill the orc!
Trog accepts your kill.
You hit the orc.
The orc is moderately wounded.
The orc hits you.
You die...

# #.......## ##÷##
####.........####...## #
...+.........'.÷...(.#.###
####.........####.........
# ##.......## ###..##.##
##.....## #.)....>#
##...## #.##.#### ##+# #)#
.# #@# .. #o# ### #S# #.#
#.# #.# ..# ###


You could see an adder and an orc.

Vanquished Creatures
  An orc wizard (D:3)
  8 adders
  2 oozes
  2 worms (D:2)
  A dart slug (D:3)
  2 leopard geckos
  8 orcs (D:3)
  A ball python (D:3)
  6 bats
  3 goblins
  4 hobgoblins
  A quokka (D:3)
  7 frilled lizards
  2 kobolds
  A rat (D:2)
49 creatures vanquished.

Notes
Turn   | Place    | Note
-------+----------+-------------------------------------------
     0 | D:1      | Fang the Gargoyle Berserker began the quest for the Orb.
     0 | D:1      | Reached XP level 1. HP: 14/14 MP: 1/1
   196 | D:1      | Reached XP level 2. HP: 13/19 MP: 2/2
   806 | D:2      | Reached XP level 3. HP: 16/24 MP: 3/3
  1513 | D:2      | Reached XP level 4. HP: 20/29 MP: 4/4
  1799 | D:3      | Reached skill level 4 in Fighting
  2073 | D:3      | Reached XP level 5. HP: 29/33 MP: 5/5
  2075 | D:3      | Reached ** piety under Trog
  2726 | D:3      | Slain by an orc

Skill      XL: |  1  2  3  4 |
---------------+-------------+-----
Axes           | 3 |  3.5
Dodging        | 2 |  2.6
Armour         | 3 |  3.5
Fighting       | 4 |  4.3

Action                   |  1- 3 |  4- 6 || total
-------------------------+-------+-------++-------
Melee: Hand axe          |    88 |   119 ||   207
Invok: Berserk           |     1 |     1 ||     2
  Eat: Chunk             |    11 |     8 ||    19
Armor: Animal skin       |    41 |    52 ||    93
Dodge: Dodged            |    51 |    66 ||   117
